 Dungeon Crawl Stone Soup version 0.23.2-30-g0e89c35649 (webtiles) character file.

Game seed: 5182320183322850261

205 Mrkan the Chopper (level 5, -1/47 HPs)
             Began as a Hill Orc Fighter on June 24, 2019.
             Was a Follower of Makhleb.
             Killed from afar by Sigmund (5 damage)
             ... with a puff of flame
             ... on level 4 of the Dungeon.
             The game lasted 00:06:13 (3021 turns).

Mrkan the Chopper (Hill Orc Fighter)                Turns: 3021, Time: 00:06:14

Health: -1/47      AC:  9    Str: 20    XL:     5   Next: 83%
Magic:  5/5        EV: 15    Int:  8    God:    Makhleb [*.....]
Gold:   191        SH: 10    Dex: 15    Spells: 4/4 levels left

rFire    . . .     SeeInvis .   a - +0 war axe
rCold    . . .     Gourm    .   c - +0 shield
rNeg     . . .     Faith    .   b - +0 scale mail
rPois    .         Spirit   .   i - +0 helmet
rElec    .         Reflect  .   (no cloak)
rCorr    .         Harm     .   (no gloves)
MR       .....                  h - +0 pair of boots
Stlth    +.........             (no amulet)
HPRegen  0.15/turn              n - +3 ring of evasion
MPRegen  0.09/turn              (no ring)

@: agile, flying
A: no striking features
a: Renounce Religion


You were on level 4 of the Dungeon.
You worshipped Makhleb.
Makhleb was aware of your devotion.
You were not hungry.

You visited 1 branch of the dungeon, and saw 4 of its levels.

You collected 191 gold pieces.

Inventory:

Hand Weapons
 a - a +0 war axe (weapon)
Armour
 b - a +0 scale mail (worn)
 c - a +0 shield (worn)
 h - a +0 pair of boots (worn)
 i - a +0 helmet (worn)
Jewellery
 n - a +3 ring of evasion (left hand)
Wands
 r - a wand of digging (7)
Scrolls
 d - 3 scrolls of fog {unknown}
 e - a scroll of amnesia {unknown}
 g - 5 scrolls of identify {unknown}
 j - 3 scrolls of remove curse {unknown}
 l - 6 scrolls of teleportation {unknown}
 s - a scroll of noise {unknown}
Potions
 k - a potion of berserk rage {unknown}
 m - 2 potions of magic
 p - a potion of haste {unknown}
 t - a potion of lignification {unknown}
Comestibles
 f - 8 rations
 u - 3 chunks of flesh


   Skills:
 + Level 4.8 Fighting
 * Level 5.7 Axes
 - Level 3.2 Armour
 + Level 4.4 Shields
 + Level 1.2 Invocations


You had 4 spell levels left.
You didn't know any spells.
Your spell library was empty.

Dungeon Overview and Level Annotations

Branches:
Dungeon (4/15)
 Temple: D:4-7

Altars:
Ashenzari
Dithmenos
Gozag
Makhleb
Nemelex Xobeh
Okawaru
Trog
Yredelemnul

Annotations:
D:3 1 runed translucent door, Artanis's ghost, amateur HOFi
D:4 Sigmund


Message History

A magic dart appears from out of thin air!
The magic dart hits you.
* * * LOW HITPOINT WARNING * * *
It was a potion of magic.
Magic courses through your body. Something hits you!
* * * LOW HITPOINT WARNING * * *
You closely miss something.
It was a potion of agility.
You feel agile all of a sudden.
You hear some strange, mumbled words.
A puff of flame appears from out of thin air!
The puff of flame misses you.
It was a potion of flight.
You feel very buoyant.
You fly up into the air.
Something hits you but does no damage.
You hear some strange, mumbled words.
Something tries to affect you, but you resist.
A centaur skeleton comes into view.
A puff of flame appears from out of thin air!
The puff of flame hits you.
You die...

)..##..# #.#..#
#....# ##.##..#
#.## ..# ##{## ##
## ###...##
#...##..#...#####
#..@###...##.##
##.## ##......#
#Z ##.....##
#..####.......#
....<#........#
.. ...........#
#.#
###........### ##
#.....#....#
##...†.#....##


You could see a centaur skeleton.

Vanquished Creatures
  An iguana (D:2)
  Robin (D:2)
  5 adders
  An ooze (D:2)
  An adder skeleton (D:4)
  6 worms
  A dart slug (D:4)
  4 leopard geckos
  A giant cockroach (D:2)
  2 gnoll zombies (D:2)
  14 goblins
  10 hobgoblins
  8 jackals
  A quokka (D:3)
  A ball python (D:2)
  8 bats
  6 frilled lizards
  5 kobolds
  21 rats
97 creatures vanquished.

Notes
Turn   | Place    | Note
-------+----------+-------------------------------------------
     0 | D:1      | Mrkan the Hill Orc Fighter began the quest for the Orb.
     0 | D:1      | Reached XP level 1. HP: 19/19 MP: 1/1
    83 | D:1      | Reached skill level 3 in Axes
    89 | D:1      | Reached XP level 2. HP: 19/27 MP: 2/2
   630 | D:1      | Reached XP level 3. HP: 33/33 MP: 3/3
   929 | D:2      | Reached skill level 4 in Axes
   971 | D:2      | Noticed Robin
   985 | D:2      | HP: 1/33 [adder (3)]
   989 | D:2      | Reached XP level 4. HP: 16/40 MP: 4/4
  1157 | D:2      | Killed Robin
  1309 | D:2      | Reached skill level 5 in Axes
  1550 | D:2      | Reached XP level 5. HP: 47/47 MP: 5/5
  1563 | D:2      | Found a burning altar of Makhleb.
  1568 | D:2      | Became a worshipper of Makhleb the Destroyer
  1623 | D:2      | Found an iron altar of Okawaru.
  1937 | D:2      | Found a basalt altar of Yredelemnul.
  2203 | D:3      | Found a shadowy altar of Dithmenos.
  2251 | D:3      | Found an opulent altar of Gozag.
  2252 | D:3      | Found a shattered altar of Ashenzari.
  2252 | D:3      | Found a sparkling altar of Nemelex Xobeh.
  2454 | D:3      | Found a runed translucent door.
  2457 | D:3      | Noticed Artanis's ghost (amateur HOFi)
  2483 | D:3      | Reached skill level 1 in Invocations
  2583 | D:3      | Noticed a moth of wrath
  2586 | D:3      | Found a bloodstained altar of Trog.
  2599 | D:3      | Reached * piety under Makhleb
  2994 | D:4      | Noticed Sigmund
  3021 | D:4      | Killed from afar by Sigmund

Skill      XL: |  1  2  3  4  5 |
---------------+----------------+-----
Axes           | 3 4 5 |  5.7
Fighting       | 4 |  4.8
Shields        | 4 |  4.4
Invocations    | 1 |  1.2
Armour         | |  3.2

Action                   |  1- 3 |  4- 6 || total
-------------------------+-------+-------++-------
Melee: War axe           |   111 |   192 ||   303
  Use: Potion            |     2 |     3 ||     5
  Eat: Chunk             |       |     7 ||     7
Armor: Scale mail        |    97 |    76 ||   173
Dodge: Dodged            |    71 |    60 ||   131
Block: Shield            |    87 |    68 ||   155
